 Dungeon Crawl Stone Soup version 0.20-a0-336-g7b05759 (console) character file.

4651 HarryHood the Fighter (level 10, 0/99 HPs)
             Began as a Gargoyle Berserker on Dec 22, 2016.
             Was a High Priest of Trog.
             Killed by the air
             ... invoked by Gastronok
              (18 damage)
             ... on level 9 of the Dungeon.
             The game lasted 00:43:04 (8160 turns).

HarryHood the Fighter (Gargoyle Berserker)          Turns: 8160, Time: 00:43:05

Health: 0/99       AC: 25    Str: 21    XL:     10   Next: 43%
Magic:  10/10      EV:  2    Int:  8    God:    Trog [*****.]
Gold:   356        SH: 11    Dex: 12    Spells: 9/9 levels left

rFire  . . .     SeeInvis .     r - +3 flail (crush)
rCold  . . .     Gourm    +     (armour currently unavailable)
rNeg   + + +     Faith    .     F - +1 shield
rPois  ∞         Spirit   .     (helmet currently unavailable)
rElec  .         Reflect  .     (cloak currently unavailable)
rCorr  .         Harm     .     (gloves currently unavailable)
MR     .....     NoTele   +     (boots currently unavailable)
Stlth  ++........               a - amulet of the gourmand
                                D - ring of positive energy
                                f - ring of stealth

@: tree-form
A: negative energy resistance 1, (electricity resistance), (unbreathing),
petrification resistance, rot immunity, AC +7
a: Berserk, Trog's Hand, Brothers in Arms, Burn Spellbooks, Renounce Religion


You were on level 9 of the Dungeon.
You worshipped Trog.
Trog was extremely pleased with you.
You were very full.
You were a tree.
You visited 1 branch of the dungeon, and saw 9 of its levels.
You also visited: Ossuary.

You collected 356 gold pieces.

Inventory:

Hand Weapons
 r - a +3 flail of crushing (weapon)
Armour
 m - a +2 pair of boots (melded)
 o - a +2 helmet (melded)
 t - a +1 ring mail of magic resistance (melded)
 F - a +1 shield (worn)
Jewellery
 a - an amulet of the gourmand (around neck)
 f - a ring of stealth (left branch)
 h - an uncursed ring of fire
 D - a ring of positive energy (right branch)
 G - a cursed ring of teleportation {unknown}
Wands
 k - a wand of disintegration (13/24)
 C - a wand of lightning (8/15)
 E - a wand of acid (9/15)
Scrolls
 e - 7 scrolls of teleportation
 n - 2 scrolls of recharging
 y - a scroll of fog
Potions
 b - 2 potions of magic
 d - a potion of berserk rage
 g - a potion of lignification
 j - 2 potions of invisibility
 l - 5 potions of agility
 p - 4 potions of curing
 v - 2 potions of flight
 w - 3 potions of cure mutation
 x - 2 potions of heal wounds {unknown}
 z - a potion of brilliance {unknown}
 A - a potion of cancellation {unknown}
 B - 2 potions of haste {unknown}
Comestibles
 c - 4 bread rations {@e1}
 i - 12 chunks of flesh
 q - 2 beef jerkies
 s - 3 meat rations {@e3}
 u - 2 fruits {@e2}


   Skills:
 - Level 9.2 Fighting
 - Level 9.0 Maces & Flails
 - Level 9.0 Armour
 - Level 1.5 Dodging
 * Level 5.7 Shields


You had 9 spell levels left.
You didn't know any spells.

Dungeon Overview and Level Annotations

Branches:
Dungeon (9/15)             Temple (0/1) D:5
   Lair: D:8-11         Orc: D:9-12

Altars:
Ashenzari
Dithmenos
Elyvilon
Makhleb
Ru
Vehumet
Xom
Yredelemnul
The Shining One

Shops:
D:7 }

Annotations:
D:9 exclusion: oklob sapling, Gastronok


Innate Abilities, Weirdness & Mutations

You are resistant to torment.
((Your stone body is resilient. (AC +7)))
You are immune to poison.
You resist negative energy. (rN+)
((You are resistant to electric shocks. (rElec)))
((You can survive without breathing.))
You are immune to petrification.
You are immune to rotting.


Message History

The river rat's corpse disappears in a puff of smoke!
The killer bee barely misses you. The hound bites you but does no damage.
You block the wolf's attack.
You turn into a tree.
Your +2 helmet melds into your body.
Your +2 pair of boots melds into your body.
Your +1 ring mail of magic resistance melds into your body.
You feel less resistant to hostile enchantments.
Your roots penetrate the ground.
The killer bee stings you but does no damage.
You block the wolf's attack. The hound bites you but does no damage.
Your two-headed ogre barely misses the orc warrior.
Your two-headed ogre hits the orc warrior with a giant club!!
The orc warrior dies!
Trog accepts your kill. You block the killer bee's attack.
The wolf bites you but does no damage. The hound bites you.
* * * LOW HITPOINT WARNING * * *
Gastronok waves his eye-stalks in wide circles.
The air twists around and strikes you!
You die...

#......≈.≈≈≈≈
#.......≈≈≈.
#......h..y #........≈
......... ........##
..#....†.## ###
#....)†%w###.##
##.......nr##h♣##
#........ro##hy§##
##........y..#.n.O##
#..........#)w.....#
##..........##...$..#
.........(..###......#
#...........#
#.......#
............#
#.......# ..
............#
#.......# .#


You could see Gastronok, a necrophage, a wolf, a hound, a killer bee and a
friendly two-headed ogre (berserk).

Vanquished Creatures
  Pikel (D:4)
  A troll (D:9)
  A hippogriff (D:7)
  A wraith (Ossuary)
  Edmund (D:5)
  2 orc warriors
  A sky beast (D:8)
  2 black bears
  2 necrophages
  3 ogres
  A centaur (D:9)
  2 wolves (D:9)
  5 bullfrogs
  2 scorpions
  5 wights (D:7)
  5 killer bees
  4 howler monkeys
  4 crimson imps
  6 hounds
  2 centaur zombies (D:6)
  2 centaur skeletons
  9 orc wizards
  3 orc priests
  2 jellies
  An iguana (D:4)
  6 worker ants
  A big kobold zombie (Ossuary)
  A hound skeleton (D:4)
  3 mummies (Ossuary)
  A worker ant zombie (D:7)
  Robin (D:2)
  5 gnolls
  13 adders
  A shadow imp (D:6)
  An ooze (D:7)
  An adder zombie (D:6)
  An adder skeleton (D:4)
  A dart slug (D:1)
  5 leopard geckos
  24 orcs
  3 bats (D:2)
  A giant cockroach (D:2)
  2 gnoll zombies (Ossuary)
  12 hobgoblins
  10 jackals
  10 kobolds
  6 quokkas
  2 ball pythons
  3 frilled lizards
  14 goblins
  A goblin zombie (Ossuary)
  2 hobgoblin zombies (Ossuary)
  A jackal zombie (D:5)
  A kobold zombie (Ossuary)
  5 rats
206 creatures vanquished.

Vanquished Creatures (collateral kills)
  An orc warrior (D:9)
  A killer bee (D:9)
2 creatures vanquished.

Vanquished Creatures (others)
  A water moccasin skeleton (D:4)
  A quokka (D:7)
  A plant (D:9)
3 creatures vanquished.

Grand Total: 211 creatures vanquished

Notes
Turn   | Place    | Note
-------+----------+-------------------------------------------
     0 | D:1      | HarryHood the Gargoyle Berserker began the quest for the Orb.
     0 | D:1      | Reached XP level 1. HP: 14/14 MP: 1/1
    84 | D:1      | Reached XP level 2. HP: 15/20 MP: 2/2
   514 | D:1      | Reached XP level 3. HP: 15/24 MP: 3/3
   903 | D:1      | Reached ** piety under Trog
  1020 | D:2      | Reached skill level 5 in Fighting
  1048 | D:2      | Found a burning altar of Makhleb.
  1233 | D:2      | Reached XP level 4. HP: 22/31 MP: 4/4
  1302 | D:2      | Noticed Robin
  1780 | D:2      | Killed Robin
  1780 | D:2      | Reached XP level 5. HP: 30/36 MP: 5/5
  2692 | D:4      | Reached *** piety under Trog
  2717 | D:4      | Noticed a slave
  2718 | D:4      | Noticed a slave
  2719 | D:4      | Noticed Pikel
  2730 | D:4      | Noticed a slave
  2732 | D:4      | Noticed a slave
  2746 | D:4      | Killed Pikel
  2746 | D:4      | Reached XP level 6. HP: 28/41 MP: 6/6
  2746 | D:4      | Reached XP level 7. HP: 32/46 MP: 7/7
  3173 | D:4      | Found a sand-covered staircase.
  3178 | Ossuary  | Entered an ossuary
  3178 | Ossuary  | Noticed a wraith
  3178 | Ossuary  | Noticed a wraith
  3178 | Ossuary  | Noticed a wraith
  3324 | Ossuary  | Noticed a wraith
  3344 | Ossuary  | Killed a wraith
  3344 | Ossuary  | Reached XP level 8. HP: 39/51 MP: 8/8
  4261 | D:5      | Entered Level 5 of the Dungeon
  4349 | D:5      | Found a staircase to the Ecumenical Temple.
  4387 | D:5      | Noticed Edmund
  4401 | D:5      | Killed Edmund
  4411 | D:5      | Reached skill level 5 in Armour
  4429 | D:5      | Received a gift from Trog
  4538 | D:5      | Found a glowing golden altar of the Shining One.
  5219 | D:6      | Found a shimmering altar of Xom.
  5257 | D:6      | Reached XP level 9. HP: 20/59 MP: 9/9
  5537 | D:6      | Found a shattered altar of Ashenzari.
  5902 | D:7      | Found a white marble altar of Elyvilon.
  6094 | D:7      | Reached **** piety under Trog
  6676 | D:7      | Found Gucsop's Gadget Shop.
  7072 | D:8      | Found a burning altar of Makhleb.
  7079 | D:8      | Found a shadowy altar of Dithmenos.
  7086 | D:8      | Found a radiant altar of Vehumet.
  7226 | D:8      | Reached ***** piety under Trog
  7262 | D:8      | Reached XP level 10. HP: 64/66 MP: 10/10
  7537 | D:8      | Found a basalt altar of Yredelemnul.
  7569 | D:8      | Reached skill level 1 in Shields
  7990 | D:9      | Found a sacrificial altar of Ru.
  8047 | D:9      | Reached skill level 5 in Shields
  8123 | D:9      | Noticed Gastronok
  8160 | D:9      | Killed from afar by Gastronok

Vault maps used:
D:1:      scummos_arrival_star, minmay_tetromino_o2
D:2:      first_bread, bloody_makhleb, uniq_robin
D:4:      wad_crossroads, enter_ossuary_2, uniq_pikel
D:5:      kennysheep_mini, lightli_sewer_entry_pipes, roderic_roman_lattice,
          uniq_edmund
D:6:      nicolae_ashenzari_panopticon, basic_altar
D:7:      serial_shops, shop, elyvilon_altar_4
D:8:      grunt_temple_overflow_cloverleaf
D:9:      lemuel_crystal_altar, erik_lair_island, david_orc_5, basic_altar,
          introduction_to_nature_2, uniq_gastronok
Ossuary:  ossuary_kennysheep_city_of_the_dead

Skill      XL: |  1  2  3  4  5  6  7  8  9 10 |
---------------+-------------------------------+-----
Fighting       | 4 5 6 7 9 |  9.2
Maces & Flails | 7 8 9 |  9.0
Armour         | 6 8 9 |  9.0
Shields        | 5 |  5.7
Dodging        | |  1.5

Action                   |  1- 3 |  4- 6 |  7- 9 | 10-12 || total
-------------------------+-------+-------+-------+-------++-------
Melee: Mace              |   115 |   133 |   173 |       ||   421
       Flail             |       |       |   213 |   127 ||   340
Invok: Berserk           |       |     2 |     3 |       ||     5
       Burn Spellbooks   |       |       |     1 |       ||     1
       Brothers in Arms  |       |       |       |     1 ||     1
  Use: Scroll            |     7 |     5 |    12 |     4 ||    28
       Potion            |       |       |       |     1 ||     1
 Stab: Sleeping          |     1 |     1 |     1 |       ||     3
  Eat: Chunk             |     1 |     5 |    29 |     3 ||    38
       Bread ration      |       |     1 |     1 |       ||     2
       Beef jerky        |       |       |     1 |       ||     1
Armor: Leather armour    |    50 |    45 |       |       ||    95
       Scale mail        |       |    37 |    72 |       ||   109
       Ring mail         |       |     3 |   138 |    82 ||   223
       Skin              |       |       |       |     3 ||     3
Dodge: Dodged            |    81 |   104 |   187 |    61 ||   433
Block: Shield            |       |       |       |    86 ||    86
